 Dungeon Crawl Stone Soup version 0.30-a0-777-ga9a30cbeda (webtiles) character file.

Game seed: 3580946994394273474

68 bande the Shield-Bearer (level 4, -3/29 HPs)
             Began as a Gargoyle Fighter on Feb 15, 2023.
             Slain by a gnoll
             ... wielding a +0 spear
              (5 damage)
             ... on level 2 of the Dungeon.
             The game lasted 00:02:12 (1309 turns).

bande the Shield-Bearer (Gargoyle Fighter)          Turns: 1309, Time: 00:02:13

Health: -3/29      AC: 10    Str: 20    XL:     4   Next: 19%
Magic:  4/4        EV:  9    Int:  8    God:
Gold:   154        SH:  4    Dex: 11    Spells: 3/3 levels left

rFire   . . .      SeeInvis +    a - +0 war axe
rCold   . . .      Faith    .    c - +0 buckler
rNeg    + . .      Spirit   .    b - +0 scale mail
rPois   ∞          Reflect  .    (no helmet)
rElec   +          Harm     .    (no cloak)
rCorr   .          Rampage  .    (no gloves)
Will    +....                    (no boots) Stlth
                                 (no amulet)
HPRegen 0.24/turn                p - ring of willpower
MPRegen 0.09/turn                o - ring of see invisible

@: no status effects
A: sickness immunity, AC +3, negative energy resistance 1, electricity
resistance, torment resistance 1, petrification resistance
a: no special abilities


You were on level 2 of the Dungeon.
You visited 1 branch of the dungeon, and saw 2 of its levels.

You collected 154 gold pieces.

Inventory:

Hand Weapons
 a - a +0 war axe (weapon)
Armour
 b - a +0 scale mail (worn)
 c - a +0 buckler (worn)
Jewellery
 e - a ring of positive energy
 o - a ring of see invisible (right hand)
 p - a ring of willpower (left hand)
 q - an amulet of faith
Scrolls
 h - a scroll of silence {unknown}
 i - a scroll of summoning {unknown}
 j - a scroll of noise {unknown}
 m - a scroll of identify {unknown}
 n - a scroll of brand weapon {unknown}
Potions
 d - 3 potions of might
 f - a potion of brilliance {unknown}
 g - a potion of curing {unknown}
 k - a potion of mutation {unknown}
 l - a potion of attraction {unknown}


   Skills:
 + Level 3.7 Fighting
 + Level 2.6 Axes
 + Level 3.8 Armour
 - Level 0.1 Stealth
 + Level 4.0 Shields


You had 3 spell levels left.
You didn't know any spells.
Your spell library contained the following spells:

 Spells                   Type           Power      Damage    Failure   Level
 Portal Projectile        Hex/Tloc       0%         N/A       99%         3
 Tukima's Dance           Hex            0%         N/A       99%         3
 Leda's Liquefaction      Hex/Erth       0%         N/A       100%        4
 Blade Hands              Tmut           0%         N/A       100%        5
 Lee's Rapid Deconstruct  Erth           0%         3d4*      100%        5
 Statue Form              Tmut/Erth      Unusable   N/A       N/A         6

Dungeon Overview and Level Annotations

Branches:
Dungeon (2/15)

Altars:


Innate Abilities, Weirdness & Mutations

You are immune to sickness and miasma.
Your stone body is resilient. (AC +3)
You are immune to poison.
You resist negative energy. (rN+)
You are resistant to electric shocks. (rElec)
You are resistant to unholy torment.
You are immune to petrification.


Message History

You hit the gnoll.
The gnoll is moderately wounded.
You block the gnoll's attack.
The gnoll hits you but does no damage. x3
You slash the gnoll!
You kill the gnoll!
You block the gnoll's attack.
You hit the gnoll but do no damage.
The gnoll hits you but does no damage. x2
You block the gnoll's attack. The gnoll barely misses you.
You closely miss the gnoll. The gnoll barely misses you.
You block the gnoll's attack.
You hit the gnoll but do no damage. You block the gnoll's attack.
The gnoll hits you from afar with a +0 spear.
You hit the gnoll but do no damage. You block the gnoll's attack.
The gnoll barely misses you. You block the gnoll's attack.
The gnoll hits you from afar with a +0 spear.
You closely miss the gnoll.
The gnoll hits you but does no damage. x2
You hit the gnoll.
The gnoll is moderately wounded.
The gnoll barely misses you. x2
You barely miss the gnoll.
The gnoll is moderately wounded.
The gnoll hits you but does no damage. The gnoll barely misses you. x2
The gnoll closely misses you.
You barely miss the gnoll.
The gnoll is moderately wounded.
You block the gnoll's attack.
The gnoll hits you from afar with a +0 spear!
* * * LOW HITPOINT WARNING * * *
You hit the gnoll but do no damage.
The gnoll is moderately wounded.
The gnoll hits you with a +0 club.
* * * LOW HITPOINT WARNING * * *
The gnoll closely misses you.
You closely miss the gnoll.
The gnoll is moderately wounded.
The gnoll hits you but does no damage. x3; The gnoll barely misses you.
You slash the gnoll!
You kill the gnoll!
The gnoll hits you from afar with a +0 spear.
You die...

#.###..#
######......#
#...........########
#........###.......#
#........# #.#####.#
#........# #.# #.###
#.......## #.# #....
#####'### #.# #####
#@# #.# #)# #.. g.#
### ####


You could see a gnoll.

Vanquished Creatures
  3 gnolls (D:2)
  An adder (D:2)
  2 dart slugs (D:1)
  5 bats
  4 endoplasms
  A goblin (D:2)
  2 hobgoblins (D:1)
  6 kobolds
  3 quokkas
  2 ball pythons
  4 frilled lizards (D:1)
  5 rats (D:2)
38 creatures vanquished.

Notes
Turn   | Place    | Note
-------+----------+-------------------------------------------
     0 | D:1      | bande the Gargoyle Fighter began the quest for the Orb.
     0 | D:1      | Reached XP level 1. HP: 14/14 MP: 1/1
   121 | D:1      | You fall into a shaft and drop 1 floor!
   258 | D:2      | Reached XP level 2. HP: 19/19 MP: 2/2
   620 | D:1      | Reached XP level 3. HP: 21/23 MP: 3/3
  1294 | D:2      | Reached skill level 4 in Shields
  1294 | D:2      | Reached XP level 4. HP: 25/29 MP: 4/4
  1309 | D:2      | Slain by a gnoll

Illustrated notes

Levels and vault maps discovered:
D:1:      onia_arrival_mini_maze_b, layout_loops_ring
D:2:      layout_basic, minmay_fractal_squares_gapless_5

Skill      XL: |  1  2  3 |
---------------+----------+-----
Axes           | 2 |  2.6
Shields        | 4 |  4.0
Fighting       | |  3.7
Armour         | |  3.8
Stealth        | |  0.1

Action                     |  1- 3 |  4- 6 || total
---------------------------+-------+-------++-------
  Melee: War axe           |    83 |    15 ||    98
 Armour: Scale mail        |    44 |    11 ||    55
  Dodge: Dodged            |    42 |    12 ||    54
  Block: Buckler           |    21 |     9 ||    30

Table legend: (Time is in decaauts)
 A = Elapsed time spent in this place.
 B = Non-inter-level travel time spent in this place.
 C = Inter-level travel time spent in this place.
 D = Time resting spent in this place.
 E = Time spent auto-exploring this place.
 F = Levels seen in this place.
 G = Mean time per level.
                   A        B        C        D        E       F      G
               +--------+--------+--------+--------+--------+-----+--------+
         Total |   1349 |   1218 |    131 |      0 |    950 |   2 |  674.5 |
       Dungeon |   1349 |   1218 |    131 |      0 |    950 |   2 |  674.5 |
               +--------+--------+--------+--------+--------+-----+--------+

Top non-repeatable levels by time:
     D:1: 919 daAuts
     D:2: 430 daAuts
